 Dungeon Crawl Stone Soup version 0.25.1-2-g60ff931df9 (webtiles) character file.

Game seed: 4274749946952678797

992 Mirodir the Spear-Bearer (level 8, -8/60 HPs)
             Began as a Merfolk Skald on Aug 15, 2020.
             Was a Follower of Nemelex Xobeh.
             Mangled by an orc warrior
             ... wielding a +0 scimitar
              (23 damage)
             ... on level 6 of the Dungeon.
             The game lasted 00:51:56 (6793 turns).

Mirodir the Spear-Bearer (Merfolk Skald)            Turns: 6793, Time: 00:51:56

Health: -8/60      AC:  4    Str: 12 (13) XL:     8   Next: 18%
Magic:  10/11      EV: 14    Int:  9 (12) God:    Nemelex Xobeh [*.....]
Gold:   14         SH:  0    Dex: 12 (14) Spells: 9/12 levels left

rFire    . . .     SeeInvis .   a - +0 spear
rCold    . . .     Gourm    .   (no shield)
rNeg     + . .     Faith    .   b - +0 leather armour
rPois    .         Spirit   .   (helmet restricted)
rElec    .         Reflect  .   (no cloak)
rCorr    .         Harm     .   (no gloves)
MR       .....     Rnd*Tele +   u - +0 pair of boots
Stlth    +.........             (no amulet)
HPRegen  0.20/turn              r - ring of positive energy
MPRegen  0.12/turn              (no ring)

@: about to teleport, infused (expiring)
A: change form in water, swift swim, stealthy swim, horns 1, teleportitis 1,
evolution 1
a: Draw Escape, Draw Destruction, Draw Summoning, Renounce Religion


You were on level 6 of the Dungeon.
You worshipped Nemelex Xobeh.
Nemelex Xobeh was aware of your devotion.
You were not hungry.

You visited 1 branch of the dungeon, and saw 7 of its levels.

You collected 254 gold pieces.
You spent 240 gold pieces at shops.

Inventory:

Hand Weapons
 a - a +0 spear (weapon)
 c - a +0 dagger
 e - a +0 dagger
 g - a +0 club
 i - a +0 short sword
 D - a +0 spear
 G - a +3 rapier
Missiles
 h - 41 bolts
Armour
 b - a +0 leather armour (worn)
 f - a cursed +0 leather armour
 k - a +0 robe
 m - a +0 helmet
 u - a +0 pair of boots (worn)
Jewellery
 r - a ring of positive energy (left hand)
Wands
 B - a wand of enslavement (25)
Scrolls
 j - a scroll of teleportation
 n - 4 scrolls of identify
 p - a scroll of fog
 s - a scroll of amnesia
Potions
 l - 2 potions of curing
 q - a potion of stabbing
 w - 2 potions of degeneration
 x - a potion of berserk rage
 C - a potion of flight {unknown}
 E - 2 potions of ambrosia {unknown}
 F - a potion of might {unknown}
Comestibles
 d - 13 rations


   Skills:
 + Level 3.9 Fighting
 + Level 8.1 Polearms
 + Level 2.8 Armour
 + Level 5.4 Dodging
 + Level 1.0 Stealth
 + Level 2.6 Spellcasting
 + Level 5.2 Charms


You had 9 spell levels left.
You knew the following spells:

 Your Spells              Type           Power        Failure   Level  Hunger
a - Infusion              Chrm           ##..         4%          1    ##.....
b - Song of Slaying       Chrm           ##......     7%          2    ###....

Your spell library contained the following spells:

 Spells                   Type           Power        Failure   Level  Hunger
 Shroud of Golubria       Chrm/Tloc      #.....       21%         2    ###....
 Ozocubu's Armour         Chrm/Ice       #.......     38%         3    ####...
 Spectral Weapon          Hex/Chrm       #.......     38%         3    ####...


Dungeon Overview and Level Annotations

Branches:
Dungeon (7/15)
 Temple: D:4-7

Altars:
Elyvilon
Gozag
Nemelex Xobeh
Ru
Sif Muna
Xom
Zin

Shops:
D:4 =


Innate Abilities, Weirdness & Mutations

You revert to your normal form in water.
You are very nimble and swift while swimming.
You are very stealthy in the water. (Stealth+)
You have a pair of small horns on your head.
You are occasionally teleported next to monsters.
You evolve.


Message History

An orc wizard comes into view. It is wielding a +0 dagger.
The orc warrior hits you with a +0 scimitar!
* * * LOW HITPOINT WARNING * * *
As you read the scroll of fear, it crumbles to dust.
You assume a fearsome visage.
The orc warrior looks frightened!
The orc wizard looks frightened!
The orc wizard mumbles some strange words.
The orc wizard blinks!
You hit the orc warrior but do no damage.
Your attack snaps the orc warrior out of its fear.
The orc warrior is moderately wounded.
You hit the orc warrior.
The orc warrior is moderately wounded.
Your magical infusion is running out.
Cornered, the orc warrior turns to fight!
As you read the scroll of teleportation, it crumbles to dust.
You feel strangely unstable.
The orc warrior hits you with a +0 scimitar!!
You die...
Your body glows slightly and disappears.

.....# .....# .....#
.....#######
....).......
...#########
...'.......
...##################
............§.§o@...#
###################.#


You could see an orc warrior.

Vanquished Creatures
  A warg (D:5)
  A scorpion (D:4)
  3 howler monkeys
  A crimson imp (D:5)
  A hound (D:5)
  An orc wizard (D:4)
  An orc priest (D:4)
  A centaur skeleton (D:5)
  An iguana (D:2)
  6 worker ants
  A hound skeleton (D:5)
  7 adders
  A shadow imp (D:6)
  An ooze (D:2)
  3 dart slugs
  A leopard gecko (D:1)
  10 orcs
  7 ball pythons
  5 giant cockroaches
  10 goblins
  9 hobgoblins
  2 jackals (D:2)
  7 kobolds
  5 quokkas
  9 bats
  5 frilled lizards
  A jackal skeleton (D:4)
  4 rats
105 creatures vanquished.

Vanquished Creatures (collateral kills)
  The ghost of pickledwalnut the Quickloader, an amateur GnHu (D:4)
  A centaur (D:6)
  A hound (D:5)
3 creatures vanquished.

Vanquished Creatures (others)
  A sky beast (D:5)
1 creature vanquished.

Grand Total: 109 creatures vanquished

Notes
Turn   | Place    | Note
-------+----------+-------------------------------------------
     0 | D:1      | Mirodir the Merfolk Skald began the quest for the Orb.
     0 | D:1      | Reached XP level 1. HP: 16/16 MP: 3/3
   209 | D:1      | Reached XP level 2. HP: 22/22 MP: 5/5
   337 | D:1      | Learned a level 2 spell: Song of Slaying
   773 | D:1      | Reached XP level 3. HP: 20/28 MP: 3/6
  1200 | D:2      | Reached skill level 1 in Armour
  1630 | D:2      | Found a sparkling altar of Nemelex Xobeh.
  1636 | D:2      | Reached XP level 4. HP: 34/34 MP: 7/7
  1667 | D:2      | Became a worshipper of Nemelex Xobeh the Trickster
  1684 | D:2      | Reached skill level 4 in Polearms
  1854 | D:2      | Received a gift from Nemelex Xobeh
  2026 | D:2      | Found a shimmering altar of Xom.
  2448 | D:2      | Found an opulent altar of Gozag.
  2457 | D:2      | Found a white marble altar of Elyvilon.
  2463 | D:2      | Found a sacrificial altar of Ru.
  2464 | D:2      | Found a glowing silver altar of Zin.
  2827 | D:3      | Reached XP level 5. HP: 39/39 MP: 8/8
  3505 | D:4      | Reached * piety under Nemelex Xobeh
  3543 | D:4      | Reached skill level 5 in Polearms
  3685 | D:4      | Reached XP level 6. HP: 34/46 MP: 9/9
  3908 | D:4      | Received a gift from Nemelex Xobeh
  3953 | D:4      | Found a runed translucent door.
  3954 | D:4      | Noticed pickledwalnut's ghost (amateur GnHu)
  4361 | D:4      | Reached skill level 6 in Polearms
  4475 | D:4      | Found Ippareu's Jewellery Emporium.
  4712 | D:4      | Killed pickledwalnut's ghost
  4712 | D:4      | Reached XP level 7. HP: 36/52 MP: 8/10
  4919 | D:5      | Entered Level 5 of the Dungeon
  4975 | D:5      | Noticed a warg
  4975 | D:5      | a sky beast changed into a warg
  4978 | D:5      | Killed a warg
  5092 | D:5      | Received a gift from Nemelex Xobeh
  5114 | D:5      | Reached skill level 7 in Polearms
  5349 | D:4      | Bought an uncursed ring of positive energy for 240 gold
                  | pieces
  5646 | D:5      | Reached skill level 5 in Dodging
  5646 | D:5      | Reached skill level 1 in Stealth
  6164 | D:5      | Noticed a ynoxinul
  6195 | D:5      | Reached XP level 8. HP: 52/60 MP: 5/11
  6206 | D:5      | Found a shimmering blue altar of Sif Muna.
  6297 | D:5      | You fall into a shaft and drop 2 floors!
  6414 | D:7      | Reached skill level 8 in Polearms
  6449 | D:6      | Gained mutation: You have a pair of small horns on your
                  | head. [potion of mutation]
  6449 | D:6      | Gained mutation: You are occasionally teleported next to
                  | monsters. [potion of mutation]
  6449 | D:6      | Gained mutation: You evolve. [potion of mutation]
  6452 | D:6      | Reached skill level 5 in Charms
  6793 | D:6      | Mangled by an orc warrior

Illustrated notes

Levels and vault maps discovered:
D:1:      sevenhm_arrival_forest_fort_large_4, layout_basic, st_stairs_9,
          minmay_hedge_maze
D:2:      layout_loops_ring, nemelex_xobeh_ov_fountains_minmay,
          lemuel_coloured_pillars_altar, minitemple, kennysheep_generic_room_6
D:3:      layout_loops_ring, first_ration
D:4:      layout_basic, ebering_ghost_reflecting_pool, serial_shops,
          kennysheep_mini
D:5:      layout_loops_corners, overflow_temple_1_default,
          nicolae_overflow_hidden_temple, minmay_temple_entry_offerings,
          kennysheep_generic_room_13
D:6:      layout_basic
D:7:      layout_loops_cross, basic_altar, the_bakery, minmay_checkerbox

Skill      XL: |  1  2  3  4  5  6  7  8 |
---------------+-------------------------+-----
Dodging        | 3 4 5 |  5.4
Armour         | 1 2 |  2.8
Polearms       | 4 5 6 7 8 |  8.1
Charms         | 4 5 |  5.2
Fighting       | 3 |  3.9
Stealth        | 1 |  1.0
Spellcasting   | |  2.6

Action                   |  1- 3 |  4- 6 |  7- 9 || total
-------------------------+-------+-------+-------++-------
Melee: Spear             |   132 |   258 |   232 ||   622
       Headbutt          |       |       |     5 ||     5
 Cast: Infusion          |     3 |     3 |     4 ||    10
       Song of Slaying   |       |     7 |     5 ||    12
Invok: Draw Destruction  |       |     5 |     6 ||    11
       Draw Summoning    |       |     2 |     4 ||     6
       Draw Escape       |       |       |     4 ||     4
  Use: Potion            |     3 |     4 |     5 ||    12
       Scroll            |       |       |    13 ||    13
 Stab: Sleeping          |     1 |       |       ||     1
  Eat: Ration            |     1 |       |     2 ||     3
       Chunk             |       |     9 |     1 ||    10
Armor: Leather armour    |    22 |    48 |    42 ||   112
Dodge: Dodged            |    84 |   159 |   137 ||   380
